 Dungeon Crawl Stone Soup version 0.21.1-1-g345015f (webtiles) character file.

302284 dedward the Warrior (level 20, 0/191 HPs)
             Began as a Minotaur Berserker on July 14, 2018.
             Was an Elder of Trog.
             Slain by the Royal Jelly (1 damage)
             ... on level 5 of the Pits of Slime.
             The game lasted 03:10:27 (60613 turns).

dedward the Warrior (Minotaur Berserker)           Turns: 60613, Time: 03:10:28

Health: 0/191      AC: 24    Str: 30      XL:     20   Next: 55%
Magic:  24/24      EV: 18    Int:  1 (2)  God:    Trog [****..]
Gold:   1334       SH: 11    Dex: 11      Spells: 19/19 levels left

rFire    + . .     SeeInvis +   y - +9 broad axe (distort)
rCold    + . .     Gourm    +   F - +3 warlock's mirror {reflect}
rNeg     . . .     Faith    .   m - +9 chain mail of the First Spirits {rF+ rCorr Slay-5 Stlth+}
rPois    .         Spirit   .   (helmet restricted)
rElec    .         Reflect  +   J - scarf {repulsion}
rCorr    +         Harm     .   b - +2 pair of gloves
MR       ++...     Rnd*Rage +   N - +1 pair of boots
Stlth    ..........             x - amulet "Isiarpha" {Gourm rC+ Str+2}
HPRegen  0.41/turn              Y - ring of see invisible
MPRegen  0.19/turn              I - ring of protection from magic

@: about to teleport, corroded, berserk cooldown, hasted and slowed, repel
missiles
A: retaliatory headbutt, claws 1, horns 2, yellow scales 1, berserk 1, blurry
vision 1, deformed body, deterioration 1, dopey 1, screaming 1, weak 1, no
potion heal 1, MP-powered wands, sturdy frame 1
}: 1/15 runes: gossamer
a: Berserk, Trog's Hand, Brothers in Arms, Burn Spellbooks, Renounce Religion


You were on level 5 of the Pits of Slime.
You worshipped Trog.
Trog was greatly pleased with you.
You were not hungry.

You visited 10 branches of the dungeon, and saw 41 of its levels.
You visited the Abyss 1 time.
You also visited: Sewer and Ossuary.

You collected 3721 gold pieces.
You spent 2387 gold pieces at shops.

Inventory:

Hand Weapons
 y - a +9 broad axe of distortion (weapon)
 E - the +10 morningstar "Eos" {elec, Halo rElec}
   (You took it off a deep elf mage on level 3 of the Elven Halls)

   Occasionally, upon striking a foe, it will discharge some electrical energy
   and cause terrible harm.
   It insulates you from electricity.
 H - the +8 war axe "Ziojiaw" {chop, Int+9 SInv}
   (Trog gifted it to you on level 15 of the Dungeon)

   It inflicts extra damage upon your enemies.
   It affects your intelligence (+9).
   It lets you see invisible.
Missiles
 h - 6 tomahawks of returning (quivered)
 r - 68 tomahawks
Armour
 b - a +2 pair of gloves (worn)
 l - the +1 leather armour "Xewamaxa" {rElec rF- rN+++ Str+2}
   (You found it on level 1 of the Shoals)

   It affects your strength (+2).
   It makes you vulnerable to fire.
   It insulates you from electricity.
   It renders you almost immune to negative energy.
 m - the +9 chain mail of the First Spirits (worn) {rF+ rCorr Slay-5 Stlth+}
   (You found it on level 4 of the Dungeon)

   It affects your accuracy and damage with ranged weapons and melee attacks
   (-5).
   It protects you from fire.
   It protects you from acid and corrosion.
   It makes you more stealthy.
 F - the +3 warlock's mirror (worn) {reflect}
   (You found it on level 8 of the Dungeon)
 J - a scarf of repulsion (worn)
 N - a +1 pair of boots (worn)
Jewellery
 w - an uncursed ring of poison resistance
 x - the amulet "Isiarpha" (around neck) {Gourm rC+ Str+2}
   (You found it on level 11 of the Dungeon)

   [amulet of the gourmand]

   It allows you to eat raw meat even when not hungry.
   It affects your strength (+2).
   It protects you from cold.
 z - an uncursed ring of resist corrosion
 I - a ring of protection from magic (right hand)
 Y - a ring of see invisible (left hand)
Wands
 P - a wand of digging (46)
Scrolls
 f - 2 scrolls of fog
 i - 17 scrolls of identify
 k - 3 scrolls of immolation
 n - 2 scrolls of teleportation
 A - 23 scrolls of remove curse
 L - 5 scrolls of enchant weapon
 M - 4 scrolls of magic mapping
 R - 2 scrolls of holy word
Potions
 d - 10 potions of brilliance
 e - 16 potions of curing
 j - 4 potions of agility
 v - 7 potions of flight
 B - a potion of berserk rage
 C - 9 potions of lignification
 S - 4 potions of magic
 U - a potion of mutation
Miscellaneous
 a - a sack of spiders
 q - a box of beasts
 D - a fan of gales
 X - a phantom mirror
Comestibles
 c - 44 rations


   Skills:
 + Level 19.1 Fighting
 - Level 17.7(18.0) Axes
   Level 5.9(13.1) Polearms
 + Level 12.4 Throwing
 + Level 19.0 Armour
 + Level 17.6 Dodging
 + Level 2.8 Stealth
 - Level 16.6 Shields
 * Level 7.9 Evocations


You had 19 spell levels left.
You didn't know any spells.

Dungeon Overview and Level Annotations

Branches:
Dungeon (15/15)            Temple (1/1) D:7            Lair (6/6) D:10
 Shoals (1/4) Lair:4       Spider (4/4) Lair:3        Slime (5/5) Lair:5
    Orc (2/2) D:9             Elf (3/3) Orc:2        Vaults (3/5) D:14
  Crypt (0/3) Vaults:2     Depths (1/5) D:15

Altars:
Ashenzari
Cheibriados
Dithmenos
Elyvilon
Fedhas
Gozag
Hepliaklqana
Kikubaaqudgha
Makhleb
Nemelex Xobeh
Okawaru
Qazlal
Ru
Sif Muna
Trog
Uskayaw
Vehumet
Wu Jian
Xom
Yredelemnul
Zin
The Shining One
Jiyva

Shops:
D:7 :[?   Orc:2 *[[*:   Vaults:1 !   Vaults:2 ?   Vaults:3 (}!*}

Annotations:
D:12 exclusion: orange crystal statue
Slime:5 Royal Jelly
Abyss:1 Aizul, Frederick, Mara, Nikola


Innate Abilities, Weirdness & Mutations

You reflexively headbutt those who attack you in melee.
You have a pair of horns on your head.
You have sharp fingernails.
You are partially covered in yellow scales. (AC +2)
You tend to lose your temper in combat.
Scrolls take you a little longer to read.
Armour fits poorly on your strangely shaped body.
Your body sometimes deteriorates upon taking damage.
You are dopey. (Int -2)
You occasionally shout uncontrollably at your foes.
You are weak. (Str -2)
Potions are less effective at restoring your health.
You expend magic power (3 MP) to strengthen your wands.
Your movements are slightly less encumbered by armour. (ER -2)


Message History

The azure jelly hits you but does no damage.
You block the azure jelly's attack.
The azure jelly hits you but does no damage.
The azure jelly misses you.
Your system partially rejects the healing.
You feel better.
The Royal Jelly hits you but does no damage.
The Royal Jelly hits you!
* * * LOW HITPOINT WARNING * * *
You are splashed with acid!
The acid burns!
You resist.
* * * LOW HITPOINT WARNING * * *
The acid blob spits acid at you. The splash of acid hits you! You resist.
* * * LOW HITPOINT WARNING * * *
You are splashed with acid!
The acid burns!
You resist.
* * * LOW HITPOINT WARNING * * *
You block the acid blob's attack.
Your ogre barely misses the azure jelly.
You block the Royal Jelly's attack. The Royal Jelly hits you.
You die...

##..............
#...............
##............... #
##................ #..
##.................
#.#####..................
##.......J................
........JJJ...............
.........@J...............
..........O..........^....
..........................
..........................
........................##
........................#
.......................##
......................##
.....................##


You could see the Royal Jelly, 2 acid blobs, an azure jelly, a death ooze and a
friendly ogre (berserk).

Vanquished Creatures
  A deep elf blademaster (Elf:3)
  11 acid blobs
  Frances (D:12)
  4 azure jellies
  3 ghost moths
  2 orc warlords
  4 deep elf sorcerers
  5 vault wardens
  A curse skull (Vaults:2)
  2 emperor scorpions
  2 stone giants
  7 ironheart preservers
  A deep elf elementalist (Elf:3)
  A very ugly thing (D:14)
  An entropy weaver (shapeshifter) (Vaults:3)
  4 entropy weavers
  2 deep elf demonologists (Elf:3)
  2 large abominations
  3 spark wasps
  A deep elf annihilator (Elf:3)
  Azrael (Spider:3)
  3 ettins
  A deep elf death mage (Elf:3)
  A merfolk impaler (Shoals:1)
  2 deep elf high priests (Elf:3)
  A fire dragon (Vaults:3)
  3 death oozes
  2 yaktaur captains (Vaults:3)
  7 great orbs of eyes
  2 ice dragons
  2 catoblepae (Lair:6)
  3 hydras
  7 vault guards
  2 centaur warriors
  A rakshasa (Vaults:2)
  14 two-headed ogres
  A death knight (D:11)
  21 dancing weapons
  A queen ant (Spider:4)
  4 ogre magi
  2 death yaks (Lair:6)
  5 tengu warriors
  4 orc high priests
  Urug (D:14)
  A vampire mage (Vaults:2)
  11 deep elf knights
  The ghost of StalkingSlot the Cleaver, a novice MiBe of Trog (D:9)
  12 skeletal warriors
  A storm dragon skeleton (Vaults:3)
  3 unseen horrors
  A sea snake (Shoals:1)
  A flayed ghost (Vaults:3)
  3 wizards
  3 deep trolls (Vaults:1)
  6 ironbrand convokers
  3 deep elf archers
  A necromancer (Vaults:3)
  An orb spider (shapeshifter) (Vaults:1)
  9 orc knights
  7 harpies
  20 wolf spiders
  17 orb spiders
  48 deep elf magi
  8 orc sorcerers
  2 moths of wrath (shapeshifter)
  5 cyclopes
  24 ugly things
  2 manticores
  An oklob plant (Lair:4)
  A stone giant zombie (Vaults:3)
  2 shining eyes
  A stone giant skeleton (Vaults:3)
  A black mamba (Lair:6)
  11 vault sentinels
  2 eyes of devastation (Slime:4)
  A moth of wrath (Spider:4)
  4 spiny frogs
  2 centaur skeletons (D:14)
  A rime drake (Lair:5)
  A torpor snail (Spider:2)
  3 gargoyles
  15 yaktaurs
  A storm dragon simulacrum (Vaults:3)
  3 freezing wraiths
  5 komodo dragons
  A redback zombie (D:15)
  6 demonic crawlers
  3 merfolk (Shoals:1)
  33 jumping spiders
  A tengu conjurer (D:14)
  A jumping spider (shapeshifter) (D:14)
  3 meliai (D:14)
  An ice dragon zombie (D:15)
  A polar bear (Lair:2)
  61 slime creatures
  Grinder (D:3)
  6 trolls
  10 hornets
  A harpy skeleton (D:13)
  A snapping turtle (Shoals:1)
  7 blink frogs
  5 dream sheep (Lair:1)
  A blink frog (shapeshifter) (Vaults:2)
  7 hippogriffs
  A meliai zombie (D:14)
  69 redbacks
  A shadow (D:11)
  20 tarantellas
  A human (shapeshifter) (Elf:1)
  A spriggan (shapeshifter) (Vaults:1)
  2 air elementals
  A wyvern (D:13)
  2 wraiths (Vaults:2)
  2 vampires (D:12)
  4 fire elementals
  A human (D:8)
  The ghost of Anachronus the Bolt Thrower, an amateur MiHu (D:3)
  3 hogs (D:8)
  2 water elementals
  39 yaks
  2 golden eyes (Slime:5)
  A hungry ghost (D:9)
  A vampire mosquito (D:14)
  Menkaure (D:6)
  11 soldier ants (Spider:4)
  17 wargs
  13 water moccasins
  4 hell hounds (Spider:3)
  2 acid dragons
  5 porcupines
  5 ice beasts
  4 black bears
  3 sky beasts
  2 eyes of draining
  48 orc warriors
  28 wolves
  2 phantoms
  6 boggarts
  13 centaurs
  21 ogres
  16 crocodiles
  4 big kobolds
  18 bullfrogs
  2 earth elementals (Elf:2)
  A glowing shapeshifter simulacrum (Vaults:1)
  A wyvern skeleton (D:13)
  12 scorpions
  A human simulacrum (Vaults:2)
  8 killer bees
  A water moccasin skeleton (D:3)
  2 electric eels
  10 wights
  7 howler monkeys
  7 bullfrog zombies
  3 crimson imps
  3 centaur zombies
  2 human zombies (Ossuary)
  9 hounds
  28 orc priests
  39 orc wizards
  A quasit (D:9)
  A bullfrog skeleton (D:9)
  3 iguanas
  3 jellies
  26 worker ants
  2 big kobold zombies (Ossuary)
  4 hound skeletons
  3 mummies (Ossuary)
  16 adders
  7 gnolls
  5 scorpion zombies (Ossuary)
  2 shadow imps
  4 oozes
  3 worms
  4 dart slugs
  7 leopard geckos
  165 orcs
  6 giant cockroaches
  6 goblins
  12 hobgoblins
  25 jackals
  31 kobolds
  9 quokkas
  2 ball pythons
  7 bats
  9 frilled lizards
  A gnoll zombie (Ossuary)
  3 goblin zombies (Ossuary)
  4 hobgoblin zombies (Ossuary)
  4 kobold zombies (Ossuary)
  A leopard gecko skeleton (D:3)
  2 orc zombies (Ossuary)
  11 rats
  7 fungi
  15 plants
  2 withered plants (D:15)
1470 creatures vanquished.

Vanquished Creatures (collateral kills)
  A deep elf blademaster (Elf:3)
  2 emperor scorpions (Spider:4)
  A deep elf sorcerer (Elf:3)
  A deep elf elementalist (Elf:3)
  An entropy weaver (Spider:4)
  6 deep elf annihilators (Elf:3)
  4 deep elf death magi
  A death ooze (Slime:5)
  A yaktaur captain (Vaults:1)
  An ogre mage (Vaults:3)
  A deep elf high priest (Elf:3)
  7 dancing weapons
  4 two-headed ogres
  A death yak (Lair:6)
  2 deep elf knights (Elf:2)
  A skeletal warrior (D:15)
  A storm dragon skeleton (Vaults:3)
  A necromancer (D:15)
  6 orb spiders
  2 wolf spiders (Spider:4)
  2 manticores (Lair:6)
  2 deep elf magi (Elf:2)
  A stone giant skeleton (D:15)
  A fire giant skeleton (D:15)
  A demonic crawler (Spider:4)
  A yaktaur (Vaults:1)
  A small abomination (Elf:3)
  4 jumping spiders (Spider:4)
  A slime creature (Vaults:1)
  A hornet (Spider:4)
  4 yaks
  A vampire mosquito (D:15)
  A soldier ant (Spider:4)
  An electric eel (Spider:1)
  An orc priest (Orc:1)
  A worker ant (Spider:4)
69 creatures vanquished.

Vanquished Creatures (others)
  A deep elf master archer (Elf:3)
  An acid blob (Slime:5)
  A frost giant (Vaults:3)
  4 vault wardens
  A ghost moth (Spider:4)
  An ironheart preserver (Vaults:2)
  An orc warlord (Orc:1)
  A deep elf elementalist (Elf:3)
  An entropy weaver (Spider:4)
  A deep elf annihilator (Elf:3)
  A deep elf death mage (Elf:3)
  A great orb of eyes (Slime:5)
  A hydra (Lair:1)
  3 vault guards (Vaults:2)
  A rakshasa (Vaults:1)
  An ice dragon (Vaults:2)
  A catoblepas (Lair:6)
  2 death yaks (Lair:6)
  An orc high priest (Orc:2)
  An ogre mage (Vaults:1)
  A dancing weapon (Elf:2)
  2 deep elf knights
  A flayed ghost (D:15)
  2 skeletal warriors
  3 deep elf archers
  A harpy (D:14)
  2 orc knights
  4 deep elf magi
  3 ugly things
  2 cyclopes
  A shining eye (Slime:2)
  A vault sentinel (Vaults:3)
  A spiny frog (Lair:6)
  2 centaur skeletons
  A yaktaur zombie (D:15)
  4 yaktaurs
  A wind drake (shapeshifter) (Vaults:1)
  A jumping spider (Lair:3)
  A blink frog (Lair:6)
  16 slime creatures
  A hornet (Vaults:1)
  A dream sheep (Lair:1)
  3 redbacks
  2 tarantellas (Spider:4)
  A wraith (Vaults:1)
  5 yaks
  A warg (D:12)
  A hell hound (Spider:3)
  4 orc warriors
  4 boggarts (Vaults:3)
  A wolf (Lair:3)
  A bullfrog (Lair:4)
  2 orc priests
  3 orcs
  A kobold (D:11)
  A bush (Lair:3)
  8 fungi
  11 plants
  2 withered plants (D:15)
129 creatures vanquished.

Grand Total: 1668 creatures vanquished

Notes
Turn   | Place    | Note
-------+----------+-------------------------------------------
     0 | D:1      | dedward the Minotaur Berserker began the quest for the Orb.
     0 | D:1      | Reached XP level 1. HP: 19/19 MP: 0/0
    95 | D:1      | Reached XP level 2. HP: 27/27 MP: 1/1
   300 | D:1      | Reached ** piety under Trog
   300 | D:1      | Reached XP level 3. HP: 31/33 MP: 2/2
   959 | D:2      | Reached XP level 4. HP: 19/41 MP: 3/3
  1922 | D:3      | Reached XP level 5. HP: 47/47 MP: 4/4
  1948 | D:3      | Noticed Anachronus's ghost (amateur MiHu)
  1963 | D:3      | Killed Anachronus's ghost
  1963 | D:3      | Reached skill level 5 in Fighting
  1963 | D:3      | Reached skill level 5 in Axes
  1963 | D:3      | Reached XP level 6. HP: 48/56 MP: 5/5
  2445 | D:3      | Reached *** piety under Trog
  2501 | D:3      | Noticed Grinder
  2529 | D:3      | Killed Grinder
  2529 | D:3      | Reached skill level 5 in Armour
  2529 | D:3      | Reached skill level 1 in Shields
  2529 | D:3      | Reached XP level 7. HP: 33/62 MP: 6/6
  3076 | D:4      | Found a glowing drain.
  3087 | Sewer    | Entered a sewer
  3373 | Sewer    | Reached skill level 5 in Dodging
  3536 | D:4      | Got a brightly glowing chain mail
  3547 | D:4      | Identified the +9 chain mail of the First Spirits {rF+ rCorr Slay-5 Stlth+} (You found it on level 4 of the Dungeon)
  3686 | D:4      | Reached **** piety under Trog
  3774 | D:4      | Reached XP level 8. HP: 66/71 MP: 7/7
  3996 | D:5      | Entered Level 5 of the Dungeon
  4888 | D:5      | Found a bloodstained altar of Trog.
  4892 | D:5      | Found a hide-covered altar of Uskayaw.
  4895 | D:5      | Found a blossoming altar of Fedhas.
  4897 | D:5      | Found an ornate altar of the Wu Jian Council.
  4897 | D:5      | Found a deep blue altar of Sif Muna.
  4897 | D:5      | Found a sparkling altar of Nemelex Xobeh.
  4899 | D:5      | Found a glowing golden altar of the Shining One.
  4902 | D:5      | Found a shattered altar of Ashenzari.
  4903 | D:5      | Found an ancient bone altar of Kikubaaqudgha.
  5436 | D:6      | Found a sand-covered staircase.
  5499 | Ossuary  | Entered an ossuary
  5626 | Ossuary  | Reached XP level 9. HP: 70/79 MP: 8/8
  5753 | Ossuary  | Reached skill level 5 in Shields
  6430 | Ossuary  | Reached ***** piety under Trog
  6991 | D:6      | Found an iron altar of Okawaru.
  7046 | D:6      | Noticed Menkaure
  7052 | D:6      | Killed Menkaure
  7539 | D:7      | Found a staircase to the Ecumenical Temple.
  7546 | D:7      | Found Pueb's Book Emporium.
  7548 | Temple   | Entered the Ecumenical Temple
  8148 | D:7      | Found Bioqul's Magic Scroll Boutique.
  8151 | D:7      | Bought a scroll of enchant weapon for 90 gold pieces
  8151 | D:7      | Bought a scroll of enchant armour for 90 gold pieces
  8159 | D:7      | Gained mutation: Scrolls take you a little longer to read. [potion of mutation]
  8159 | D:7      | Gained mutation: You have sharp toenails. [potion of mutation]
  8584 | D:7      | Found Ohuitua's Armour Emporium.
  9240 | D:8      | Found the +3 warlock's mirror {reflect}
  9464 | D:8      | Reached XP level 10. HP: 90/90 MP: 9/9
  9543 | D:8      | Found a stormy altar of Qazlal.
  9908 | D:9      | Noticed a two-headed ogre
  9916 | D:9      | Killed a two-headed ogre
 10455 | D:9      | Found a staircase to the Orcish Mines.
 10465 | D:9      | Received a gift from Trog
 11145 | D:9      | Noticed StalkingSlot's ghost (novice MiBe)
 11172 | D:9      | Killed StalkingSlot's ghost
 11488 | D:10     | Entered Level 10 of the Dungeon
 11547 | D:10     | Killed an unseen horror
 11815 | D:10     | Reached XP level 11. HP: 99/99 MP: 10/10
 11822 | D:10     | Reached skill level 10 in Fighting
 11868 | D:10     | Noticed a red ugly thing
 11881 | D:10     | Killed a red ugly thing
 11881 | D:10     | Reached skill level 10 in Axes
 11883 | D:10     | Killed an unseen horror
 12230 | D:10     | Paralysed by a hornet for 2 turns
 13006 | D:10     | Reached skill level 10 in Armour
 13145 | D:10     | Found an opulent altar of Gozag.
 13301 | D:10     | Found a staircase to the Lair.
 13765 | D:11     | Noticed a green ugly thing
 13781 | D:11     | Killed a green ugly thing
 13787 | D:11     | Received a gift from Trog
 14234 | D:11     | Noticed a skeletal warrior
 14236 | D:11     | Noticed a seven-headed hydra
 14236 | D:11     | Noticed a skeletal warrior
 14238 | D:11     | Noticed a skeletal warrior
 14241 | D:11     | Noticed a skeletal warrior
 14241 | D:11     | Noticed a skeletal warrior
 14414 | D:11     | Killed an eight-headed hydra
 14414 | D:11     | Reached skill level 1 in Polearms
 14431 | D:10     | Killed a skeletal warrior
 14441 | D:10     | Killed a skeletal warrior
 14824 | D:11     | Killed a skeletal warrior
 14828 | D:11     | Killed a skeletal warrior
 14838 | D:11     | Killed a skeletal warrior
 14838 | D:11     | Reached skill level 10 in Dodging
 15063 | D:11     | Found a transporter.
 15178 | D:11     | Noticed a death knight
 15179 | D:11     | Found a transporter.
 15185 | D:11     | Killed a death knight
 15185 | D:11     | Reached XP level 12. HP: 110/110 MP: 11/11
 15210 | D:11     | Reached skill level 10 in Shields
 15506 | D:11     | Got a flickering brass amulet
 15540 | D:11     | Identified the amulet "Isiarpha" {Gourm rC+ Str+2} (You found it on level 11 of the Dungeon)
 15851 | D:12     | Noticed Frances
 15864 | D:12     | Killed Frances
 16149 | D:12     | Reached skill level 5 in Polearms
 16658 | D:12     | Received a gift from Trog
 16891 | D:12     | Noticed an orc warlord
 18165 | D:13     | Found a labyrinth entrance.
 18175 | D:13     | Noticed a tengu warrior
 18189 | D:13     | Killed a tengu warrior
 18189 | D:13     | Reached XP level 13. HP: 119/119 MP: 12/12
 18753 | D:14     | Cast into level 3 of the Abyss (a distortion unwield)
 18778 | Abyss:3  | Found a corrupted altar of Lugonu.
 18826 | D:14     | Escaped the Abyss
 18968 | D:14     | Noticed a brown very ugly thing
 18984 | D:14     | Killed a brown very ugly thing
 19698 | D:14     | Noticed Urug
 19708 | D:14     | Killed Urug
 20031 | D:14     | Reached ****** piety under Trog
 20560 | D:14     | Found a gate to the Vaults.
 21069 | D:15     | Entered Level 15 of the Dungeon
 21076 | D:15     | Killed an orc warlord
 21076 | D:15     | Reached XP level 14. HP: 129/129 MP: 13/13
 21317 | D:15     | Found a staircase to the Depths.
 21409 | D:15     | Received a gift from Trog
 21455 | D:15     | Got a smoking war axe {god gift}
 21557 | D:15     | Found a frozen archway.
 22251 | Orc:1    | Entered Level 1 of the Orcish Mines
 22310 | Orc:1    | Noticed an orc warlord
 22563 | Orc:1    | You fall through a shaft!
 22563 | Orc:2    | Entered Level 2 of the Orcish Mines
 22563 | Orc:2    | Found Yzaposh's Book Emporium.
 22966 | Orc:2    | Found a staircase to the Elven Halls.
 23063 | Orc:1    | Paralysed by an orc sorcerer for 2 turns
 23747 | Orc:2    | Received a gift from Trog
 23890 | Orc:2    | Paralysed by an orc sorcerer for 6 turns
 23987 | Orc:2    | Paralysed by an orc sorcerer for 6 turns
 24549 | Orc:2    | Found Sojekliripn's Antique Armour Shop.
 24549 | Orc:2    | Found Efamea's General Store.
 24552 | Orc:2    | Found Patiofue's General Store.
 24552 | Orc:2    | Found Suddiz's Armour Emporium.
 25108 | Orc:1    | Banished an orc warlord
 25419 | Lair:1   | Entered Level 1 of the Lair of Beasts
 25976 | Lair:2   | Lost mutation: You have sharp toenails. [potion of mutation]
 25976 | Lair:2   | Lost mutation: Scrolls take you a little longer to read. [potion of mutation]
 25976 | Lair:2   | Gained mutation: Your magical capacity is low. (-10% MP) [potion of mutation]
 25976 | Lair:2   | Gained mutation: You have sharp fingernails. [potion of mutation]
 25976 | Lair:2   | Gained mutation: Your movements are slightly less encumbered by armour. (ER -2) [potion of mutation]
 25976 | Lair:2   | Gained mutation: You are partially covered in yellow scales. (AC +2) [potion of mutation]
 26738 | Lair:3   | Received a gift from Trog
 26746 | Lair:3   | Reached XP level 15. HP: 114/139 MP: 12/12
 26838 | Lair:3   | Received a gift from Trog
 27028 | Lair:3   | Found a hole to the Spider Nest.
 27983 | Lair:4   | Found a glowing silver altar of Zin.
 28056 | Lair:4   | Got a scintillating emerald amulet
 28057 | Lair:4   | Identified the amulet of Jar Yth {+Rage Dex+4} (You found it on level 4 of the Lair of Beasts)
 28122 | Lair:4   | Found a staircase to the Shoals.
 28471 | Lair:5   | Got a crystal scythe
 28472 | Lair:5   | Identified the +7 scythe of Compassion {drain, rF- rC+ rN+ Dex+4} (You found it on level 5 of the Lair of Beasts)
 28618 | Lair:5   | Found a runed door.
 28621 | Lair:5   | Found a viscous altar of Jiyva.
 28622 | Lair:5   | Noticed an acid blob
 28622 | Lair:5   | Noticed an acid blob
 28625 | Lair:5   | Found a staircase to the Slime Pits.
 28644 | Lair:5   | Killed an acid blob
 29295 | Lair:5   | Killed an acid blob
 29598 | Lair:6   | Entered Level 6 of the Lair of Beasts
 30403 | Lair:6   | Reached skill level 15 in Fighting
 30425 | Lair:6   | Received a gift from Trog
 31133 | D:7      | Bought a manual of Throwing for 1435 gold pieces
 31318 | Spider:1 | Entered Level 1 of the Spider Nest
 31331 | Spider:1 | Reached skill level 1 in Throwing
 31372 | Spider:1 | Reached skill level 15 in Armour
 31674 | Spider:1 | Noticed Aizul
 31880 | Spider:1 | Banished Aizul
 33210 | Spider:2 | Reached skill level 1 in Evocations
 33827 | Spider:2 | Received a gift from Trog
 34224 | Spider:3 | Noticed Azrael
 34242 | Spider:3 | Received a gift from Trog
 34243 | Spider:3 | Reached XP level 16. HP: 149/149 MP: 1/14
 34282 | Spider:3 | Killed Azrael
 34898 | Spider:3 | Received a gift from Trog
 35236 | Spider:3 | Reached skill level 5 in Throwing
 35734 | Spider:3 | Identified the +8 war axe "Ziojiaw" {chop, Int+9 SInv} (Trog gifted it to you on level 15 of the Dungeon)
 36126 | Spider:4 | Entered Level 4 of the Spider Nest
 37393 | D:7      | Bought a scroll of enchant armour for 90 gold pieces
 37609 | Slime:1  | Entered Level 1 of the Pits of Slime
 38284 | Elf:1    | Entered Level 1 of the Elven Halls
 38292 | Elf:1    | Received a gift from Trog
 38311 | Elf:1    | Found a radiant altar of Vehumet.
 38344 | Elf:1    | Received a gift from Trog
 38625 | Elf:1    | Reached skill level 15 in Axes
 38915 | Depths:1 | Entered Level 1 of the Depths
 40206 | Spider:4 | Received a gift from Trog
 40212 | Spider:4 | Reached skill level 10 in Throwing
 40511 | Spider:4 | Reached XP level 17. HP: 158/158 MP: 16/16
 40667 | Spider:4 | Reached skill level 15 in Dodging
 40795 | Spider:4 | Got a gossamer rune of Zot
 41629 | Vaults:1 | Entered Level 1 of the Vaults
 41641 | Vaults:1 | Received a gift from Trog
 41676 | Vaults:1 | Found the +3 salamander hide armour {+Rage rF++}
 42214 | Vaults:1 | Received a gift from Trog
 42936 | Vaults:1 | Received a gift from Trog
 42982 | Vaults:1 | Reached skill level 5 in Evocations
 43754 | Vaults:1 | Received a gift from Trog
 44127 | Vaults:1 | Found Qutimaf's Distillery.
 44135 | Vaults:1 | Bought a potion of heal wounds for 110 gold pieces
 44135 | Vaults:1 | Bought a potion of haste for 220 gold pieces
 44135 | Vaults:1 | Bought a potion of heal wounds for 110 gold pieces
 44878 | Vaults:2 | Reached XP level 18. HP: 158/169 MP: 19/19
 45021 | Vaults:2 | Found the +3 giant club "Skullcrusher" {speed, Str+7}
 45234 | Vaults:2 | Got a twisted ring mail
 45237 | Vaults:2 | Identified the +2 ring mail "Beng" {+Fly rC+++ Regen+ Int-5} (You found it on level 2 of the Vaults)
 45263 | Vaults:2 | Found Vupuffoo's Magic Scroll Boutique.
 45280 | Vaults:2 | Bought a scroll of enchant weapon for 90 gold pieces
 46104 | Vaults:2 | Found a staircase to the Crypt.
 47306 | Vaults:2 | Reached skill level 15 in Shields
 47580 | Vaults:3 | Received a gift from Trog
 47697 | Vaults:3 | Noticed Frederick
 47697 | Vaults:3 | Banished Frederick
 48166 | Vaults:3 | Noticed Mara
 48361 | Vaults:3 | Received a gift from Trog
 48915 | Vaults:3 | Noticed dedward's illusion
 48915 | Vaults:3 | Banished Mara
 48952 | Vaults:3 | Reached XP level 19. HP: 108/179 MP: 20/20
 49320 | Vaults:3 | Found Ypletea's General Store.
 49325 | Vaults:3 | Found Liamieh's Distillery.
 49338 | Vaults:3 | Bought a potion of might for 76 gold pieces
 49338 | Vaults:3 | Bought a potion of might for 76 gold pieces
 49444 | Vaults:3 | Found Pochit's Gadget Emporium.
 49602 | Vaults:3 | Received a gift from Trog
 49781 | Vaults:3 | Found Veac's Gadget Emporium.
 49818 | Vaults:3 | Found Telet's Antique Weapon Boutique.
 50858 | Elf:1    | Received a gift from Trog
 51100 | Elf:1    | Received a gift from Trog
 51882 | Elf:2    | Found a runed gate.
 51882 | Elf:2    | Found a runed gate.
 51882 | Elf:2    | Found a runed gate.
 51945 | Elf:2    | Received a gift from Trog
 52444 | Elf:2    | Got a faintly glowing chain mail
 52445 | Elf:2    | Identified the +1 chain mail of Amelioration {rF+ Regen+ Int+3} (You found it on level 2 of the Elven Halls)
 53544 | Elf:3    | Entered Level 3 of the Elven Halls
 54136 | Elf:3    | Received a gift from Trog
 55666 | Elf:3    | Noticed a Brimstone Fiend
 56255 | Shoals:1 | Entered Level 1 of the Shoals
 56821 | Shoals:1 | Reached XP level 20. HP: 187/189 MP: 21/21
 56949 | Shoals:1 | Noticed Nikola
 56964 | Shoals:1 | Banished Nikola
 57305 | Shoals:1 | Got a slimy leather armour
 57306 | Shoals:1 | Identified the +1 leather armour "Xewamaxa" {rElec rF- rN+++ Str+2} (You found it on level 1 of the Shoals)
 57834 | Slime:2  | Gained mutation: You tend to lose your temper in combat. [a shining eye]
 57844 | Slime:2  | Gained mutation: Potions are less effective at restoring your health. [a shining eye]
 57848 | Slime:2  | Gained mutation: You are weak. (Str -2) [a shining eye]
 58257 | Slime:3  | Reached skill level 1 in Stealth
 59054 | Slime:4  | Gained mutation: You occasionally shout uncontrollably at your foes. [a shining eye]
 59058 | Slime:4  | Lost mutation: Your magical capacity is low. (-10% MP) [a shining eye]
 59067 | Slime:4  | Gained mutation: Your body sometimes deteriorates upon taking damage. [a shining eye]
 59069 | Slime:4  | Gained mutation: You expend magic power (3 MP) to strengthen your wands. [a shining eye]
 59070 | Slime:4  | Gained mutation: Scrolls take you a little longer to read. [a shining eye]
 59132 | Slime:4  | Paralysed by a great orb of eyes for 4 turns
 59995 | Slime:4  | Found a viscous altar of Jiyva.
 60257 | Slime:5  | Entered Level 5 of the Pits of Slime
 60283 | Slime:5  | Paralysed by a great orb of eyes for 2 turns
 60571 | Slime:5  | Gained mutation: You are dopey. (Int -2) [a shining eye]
 60578 | Slime:5  | Gained mutation: Armour fits poorly on your strangely shaped body. [a shining eye]
 60603 | Slime:5  | Noticed the Royal Jelly
 60613 | Slime:5  | HP: 6/191 [acid blob/splash of acid[the Royal Jelly] (6)]
 60613 | Slime:5  | HP: 1/191 [acid[the Royal Jelly] (5)]
 60613 | Slime:5  | Slain by the Royal Jelly

Skill      XL: |  1  2  3  4  5  6  7  8  9 10 11 12 13 14 15 16 17 18 19 20 |
---------------+-------------------------------------------------------------+-----
Axes           | 4 5 6 7 8 9 10 11 12 13 14 15 16 17 | 17.7
Fighting       | 4 5 6 7 8 9 11 12 13 14 15 16 17 18 19 | 19.1
Armour         | 3 4 5 6 8 9 10 12 13 14 15 16 17 18 19 | 19.0
Dodging        | 3 4 5 6 7 8 10 11 12 13 14 15 16 17 | 17.6
Shields        | 1 3 4 6 8 9 11 12 13 14 15 16 | 16.6
Polearms       | 3 5 |  5.9
Throwing       | 4 10 11 12 | 12.4
Evocations     | 2 3 6 7 |  7.9
Stealth        | 2 |  2.8

Action                   |  1- 3 |  4- 6 |  7- 9 | 10-12 | 13-15 | 16-18 | 19-21 || total
-------------------------+-------+-------+-------+-------+-------+-------+-------++-------
Melee: Hand axe          |    77 |    99 |   755 |   473 |       |       |       ||  1404
       Headbutt          |     7 |    12 |   127 |   167 |   201 |   284 |   170 ||   968
       Kick              |       |       |    28 |   267 |   169 |       |       ||   464
       War axe           |       |       |       |   121 |       |       |       ||   121
       Trident           |       |       |       |   250 |       |       |       ||   250
       Broad axe         |       |       |       |   151 |  1095 |  1263 |   758 ||  3267
Throw: Tomahawk          |       |       |       |       |    11 |    62 |    42 ||   115
       Javelin           |       |       |       |       |     3 |   103 |    20 ||   126
Invok: Berserk           |     1 |     2 |    16 |    21 |    19 |    14 |     3 ||    76
       Brothers in Arms  |       |       |       |       |     7 |    15 |    10 ||    32
       Burn Spellbooks   |       |       |       |       |     3 |     1 |     3 ||     7
       Trog's Hand       |       |       |       |       |       |       |     1 ||     1
Evoke: Wand              |       |       |       |       |       |     4 |     3 ||     7
       Sack of spiders   |       |       |       |       |       |       |     2 ||     2
  Use: Scroll            |       |     2 |    13 |     9 |    13 |    14 |    11 ||    62
       Potion            |       |       |    14 |     5 |     8 |    15 |    10 ||    52
 Stab: Confused          |       |       |       |       |     1 |       |       ||     1
  Eat: Chunk             |     1 |    14 |    41 |    50 |    66 |    55 |    14 ||   241
       Ration            |       |       |       |     1 |       |     5 |     8 ||    14
Armor: Ring mail         |    41 |    38 |    39 |       |       |       |       ||   118
       Chain mail        |       |       |   330 |   489 |   526 |   460 |   269 ||  2074
Dodge: Dodged            |    55 |    84 |   372 |   420 |   595 |   555 |   304 ||  2385
       Deflected         |       |       |       |       |       |       |    26 ||    26
Block: Buckler           |       |     3 |   181 |   418 |   533 |   537 |   276 ||  1948
       Reflection        |       |       |       |    25 |    27 |    70 |    51 ||   173
